 Dungeon Crawl Stone Soup version 0.20.1-1-g8b1a95d (webtiles) character file.

4549 Starchild the Cruncher (level 10, -15/63 HPs)
             Began as a Formicid Fighter on Aug 1, 2017.
             Was an Initiate of Hepliaklqana.
             Demolished by a two-headed ogre
             ... wielding a cursed -3 giant spiked club
              (51 damage)
             ... on level 8 of the Dungeon.
             The game lasted 00:25:03 (7234 turns).

Starchild the Cruncher (Formicid Fighter)           Turns: 7234, Time: 00:25:03

Health: -15/63     AC: 13    Str: 26    XL:     10   Next: 67%
Magic:  10/10      EV:  5    Int:  7    God:    Hepliaklqana [......]
Gold:   508        SH: 18    Dex: 13    Spells: 9/9 levels left

rFire    . . .     SeeInvis +   v - +2 quarterstaff (chaos)
rCold    . . .     Gourm    .   P - +0 large shield
rNeg     . . .     Faith    .   x - +0 plate armour
rPois    .         Spirit   .   (helmet unavailable)
rElec    .         Reflect  .   w - +0 cloak
rCorr    .         Harm     .   (no gloves)
MR       +....                  D - +0 pair of boots
Stlth    ..........             (no amulet)
Regen    0.2/turn               B - +4 ring of strength
MPRegen  0.2/turn               (no ring)

@: no status effects
A: permanent stasis, dig shafts and tunnels, four strong arms, reduced essence,
antennae 3
a: Dig, Shaft Self, Recall Ancestor, Ancestor Identity, Renounce Religion


You were on level 8 of the Dungeon.
You worshipped Hepliaklqana.
Hepliaklqana was noncommittal.
You were very hungry.

You visited 2 branches of the dungeon, and saw 9 of its levels.
You also visited: Ossuary.

You collected 508 gold pieces.

Inventory:

Hand Weapons
 a - a +0 quarterstaff
 v - a +2 quarterstaff of chaos (weapon)
Missiles
 e - 283 stones
 r - 11 tomahawks (quivered)
 y - 114 sling bullets
Armour
 b - a +0 scale mail
 c - a +0 shield
 w - a +0 cloak (worn)
 x - a +0 plate armour (worn)
 D - a +0 pair of boots (worn)
 P - a +0 large shield (worn)
Jewellery
 A - a cursed ring of wizardry
 B - a +4 ring of strength (left hand)
Wands
 d - a wand of lightning (5/15)
 z - a wand of acid (10/15)
 G - a wand of paralysis (7/24)
 H - a wand of polymorph (14/24)
 J - a wand of scattershot (4/9)
 Q - a wand of paralysis (12/24)
 R - a wand of iceblast (5/15)
Scrolls
 g - 2 scrolls of enchant weapon {unknown}
 i - 2 scrolls of magic mapping {unknown}
 j - 2 scrolls of amnesia {unknown}
 k - 4 scrolls of recharging
 m - 5 scrolls of identify
 n - 4 scrolls of remove curse
 p - 5 scrolls of enchant armour {unknown}
 t - a scroll of immolation {unknown}
 u - 2 scrolls of fear {unknown}
 E - a scroll of blinking {unknown}
 I - a scroll of noise {unknown}
 K - a scroll of brand weapon {unknown}
 L - a scroll of random uselessness {unknown}
 N - a scroll of fog {unknown}
Potions
 h - 2 potions of degeneration {unknown}
 l - a potion of flight {unknown}
 q - a potion of invisibility {unknown}
 C - 6 potions of lignification {unknown}
 F - a potion of agility {unknown}
 M - 2 potions of heal wounds {unknown}
 O - a potion of curing
Books
 s - a book of Misfortune

   Spells                             Type                      Level
   a - Confusing Touch                Hexes                        1
   b - Confuse                        Hexes                        3
   c - Gell's Gravitas                Translocation                3
   d - Petrify                        Transmutation/Earth          4
   e - Metabolic Englaciation         Hexes/Ice                    5
   f - Yara's Violent Unravelling     Hexes/Transmutation          5
Comestibles
 f - 7 bread rations
 o - 5 meat rations
 S - 3 chunks of flesh


   Skills:
 - Level 3.2 Fighting
 + Level 13.0 Staves
 - Level 3.2 Armour
 - Level 9.0 Shields


You had 9 spell levels left.
You didn't know any spells.

Dungeon Overview and Level Annotations

Branches:
Dungeon (8/15)             Temple (1/1) D:7
   Lair: D:8-11

Altars:
Dithmenos
Elyvilon
Fedhas
Gozag
Hepliaklqana
Kikubaaqudgha
Makhleb
Nemelex Xobeh
Okawaru
Ru
Sif Muna
Trog
Uskayaw
Vehumet
Xom
Yredelemnul
Zin
The Shining One

Shops:
D:5 [*   D:7 ?


Innate Abilities, Weirdness & Mutations

You cannot be hasted, slowed, berserked, paralysed or teleported.
You can dig through walls and to a lower floor.
Your four strong arms can wield two-handed weapons with a shield.
You have a pair of large antennae on your head. (SInv)
Your life essence is reduced to manifest your ancestor. (-10% HP)


Message History

You sock the hungry ghost!
You destroy the hungry ghost!
Your Staves skill increases to level 13!
You sock the two-headed ogre!
The two-headed ogre is moderately wounded.
You sock the two-headed ogre!
The two-headed ogre is heavily wounded.
You block the two-headed ogre's attack.
The two-headed ogre hits you with a giant club!
A centaur comes into view.
You hit the two-headed ogre.
The two-headed ogre goes berserk!
The two-headed ogre is heavily wounded.
The two-headed ogre hits you with a giant spiked club!
You block the two-headed ogre's attack.
You closely miss the two-headed ogre.
The two-headed ogre is heavily wounded.
The sentinel's mark upon you fades away.
The two-headed ogre hits you with a giant spiked club!!!
Ouch! That really hurt!
You die...

... .... ....
.....
.....#########
.............#
.............#
........@R)).#
##...##O#.........
#. #o##########
#l#......#
#H#.####.# ##
#c#{####.#
>..##o...{...##
...............#
................


You could see the friendly Cihuaton the ancestor, a two-headed ogre (berserk), a
hippogriff, a centaur, an iguana and 2 orcs.

Vanquished Creatures
  The ghost of Megalobster the Chopper, a novice DDFi (D:5)
  Grinder (D:3)
  The ghost of Starchild the Summoner, an amateur BaSu (D:4)
  A hungry ghost (D:8)
  A hornet zombie (D:5)
  A black bear (D:6)
  3 ice beasts
  6 necrophages (D:6)
  8 ogres
  2 orc warriors
  2 sky beasts
  2 phantoms
  2 centaurs
  A bullfrog (D:6)
  3 scorpions
  2 crimson imps
  A bullfrog zombie (D:6)
  4 hounds
  A quasit (D:5)
  An orc priest (D:8)
  Crazy Yiuf (D:2)
  A centaur skeleton (D:4)
  An iguana (D:7)
  Ijyb (D:5)
  3 orc wizards
  Natasha (thrice) (D:2 D:1)
  7 worker ants
  3 mummies (Ossuary)
  A hound skeleton (D:4)
  Robin (D:2)
  7 adders
  3 shadow imps
  An ooze (D:1)
  An adder skeleton (D:4)
  3 adder zombies (Ossuary)
  2 worms
  A dart slug (D:3)
  6 leopard geckos
  28 orcs
  A ball python (D:1)
  5 giant cockroaches
  11 hobgoblins
  12 jackals
  6 kobolds
  3 quokkas
  A bat (shapeshifter) (D:3)
  5 bats
  2 frilled lizards
  19 goblins
  4 goblin zombies (Ossuary)
  5 hobgoblin zombies (Ossuary)
  2 kobold zombies (Ossuary)
  3 quokka zombies
  4 rats
  2 rat zombies (Ossuary)
203 creatures vanquished.

Vanquished Creatures (others)
  A rat (D:1)
1 creature vanquished.

Grand Total: 204 creatures vanquished

Notes
Turn   | Place    | Note
-------+----------+-------------------------------------------
     0 | D:1      | Starchild the Formicid Fighter began the quest for the Orb.
     0 | D:1      | Reached XP level 1. HP: 18/18 MP: 1/1
   164 | D:1      | Reached XP level 2. HP: 18/24 MP: 2/2
   850 | D:2      | Reached XP level 3. HP: 22/29 MP: 3/3
   908 | D:2      | Reached skill level 5 in Shields
   925 | D:2      | Noticed Natasha
   929 | D:2      | Killed Natasha
   929 | D:2      | Reached XP level 4. HP: 34/35 MP: 4/4
  1107 | D:2      | Noticed Natasha
  1121 | D:2      | Killed Natasha
  1166 | D:2      | Noticed Natasha
  1420 | D:1      | Killed Natasha
  1420 | D:1      | Reached XP level 5. HP: 5/41 MP: 5/5
  1625 | D:2      | Noticed Robin
  1640 | D:2      | Killed Robin
  1869 | D:2      | Found a runed door.
  1873 | D:2      | Noticed Crazy Yiuf
  1881 | D:2      | Killed Crazy Yiuf
  1902 | D:2      | HP: 2/41 [poisoned by Crazy Yiuf]
  2427 | D:3      | Reached XP level 6. HP: 44/47 MP: 6/6
  2511 | D:3      | Noticed Grinder
  2548 | D:3      | Killed Grinder
  2548 | D:3      | Reached XP level 7. HP: 38/52 MP: 7/7
  3030 | D:3      | Reached skill level 3 in Staves
  3378 | D:4      | Found an ancient bone altar of Kikubaaqudgha.
  3468 | D:4      | Noticed Starchild's ghost (amateur BaSu)
  3486 | D:4      | Killed Starchild's ghost
  3486 | D:4      | Reached skill level 5 in Staves
  3486 | D:4      | Reached XP level 8. HP: 26/58 MP: 8/8
  4007 | D:5      | Entered Level 5 of the Dungeon
  4116 | D:5      | Reached skill level 6 in Staves
  4291 | D:5      | Found Loofuirosy's General Store.
  4319 | D:5      | Reached skill level 7 in Staves
  4404 | D:5      | Noticed Megalobster's ghost (novice DDFi)
  4426 | D:5      | Killed Megalobster's ghost
  4426 | D:5      | Reached skill level 9 in Staves
  4426 | D:5      | Reached XP level 9. HP: 20/64 MP: 9/9
  5015 | D:5      | Found Kaluhati's Armour Emporium.
  5074 | D:5      | Noticed Ijyb
  5087 | D:5      | Killed Ijyb
  5087 | D:5      | Reached skill level 10 in Staves
  5245 | D:6      | Found a sand-covered staircase.
  5250 | Ossuary  | Entered an ossuary
  5623 | D:6      | Found a blossoming altar of Fedhas.
  5643 | D:6      | Reached skill level 11 in Staves
  5647 | D:6      | Reached XP level 10. HP: 70/70 MP: 10/10
  6122 | D:7      | Reached skill level 12 in Staves
  6459 | D:7      | Found Tuahamue's Magic Scroll Shop.
  6827 | D:7      | Found a staircase to the Ecumenical Temple.
  6836 | Temple   | Entered the Ecumenical Temple
  6892 | Temple   | Became a worshipper of Hepliaklqana the Forgotten
  7223 | D:8      | Noticed a two-headed ogre
  7230 | D:8      | Reached skill level 13 in Staves
  7234 | D:8      | Demolished by a two-headed ogre

Skill      XL: |  1  2  3  4  5  6  7  8  9 10 |
---------------+-------------------------------+-----
Shields        | 4 5 6 7 9 |  9.0
Staves         | 5 9 11 13 | 13.0
Fighting       | |  3.2
Armour         | |  3.2

Action                   |  1- 3 |  4- 6 |  7- 9 | 10-12 || total
-------------------------+-------+-------+-------+-------++-------
Melee: Quarterstaff      |    69 |   181 |   326 |   156 ||   732
       Unarmed           |       |       |     3 |       ||     3
Throw: Tomahawk          |       |     8 |       |     1 ||     9
Invok: Recall Ancestor   |       |       |       |     1 ||     1
 Abil: Dig               |     2 |     4 |     2 |       ||     8
  Use: Potion            |       |     2 |     1 |       ||     3
       Scroll            |       |     1 |     5 |       ||     6
 Stab: Paralysed         |       |       |     7 |     2 ||     9
       Distracted        |       |       |       |     1 ||     1
  Eat: Chunk             |       |     6 |     6 |     5 ||    17
       Bread ration      |       |       |     1 |       ||     1
Armor: Scale mail        |    28 |    49 |       |       ||    77
       Plate armour      |       |       |   106 |    29 ||   135
Dodge: Dodged            |    24 |    50 |    69 |    13 ||   156
Block: Shield            |    54 |    91 |   148 |    18 ||   311
       Large shield      |       |       |       |    44 ||    44
